[Event "Titled Tuesday Blitz October 31 Late 2023"]
[White "Molenda, Marcin"]
[Black "Bartel, Michal"]
[WhiteFideId "1173065"]
[BlackFideId "1119257"]
[WhiteElo "2507"]
[BlackElo "2623"]
[Result "1/2-1/2"]
[Round "11"]
[TimeControl "180+1"]
[Date "2023.10.31"]
[WhiteClock "0:00:03"]
[BlackClock "0:00:29"]
[Board "35"]

1. e4 e5 2. Nf3 Nc6 3. d4 exd4 4. Nxd4 g6 5. Nc3 Bg7 6. Nxc6 bxc6 7. Bc4 Ne7 8. O-O O-O 9. Bg5 h6 10. Bh4 Rb8 11. Rb1 Rb4 12. Qe2 Re8 13. a3 Rb6 14. Rfd1 g5 15. Bg3 d5 16. exd5 Nxd5 17. Qf3 g4 18. Qd3 Qg5 19. Nxd5 cxd5 20. Bxd5 Rxb2 21. Rxb2 Bxb2 22. Qb3 Qe7 23. Bxf7+ Qxf7 24. Qxb2 Bf5 25. Qc3 Be4 26. Bxc7 Ba8 27. Bd6 Qe6 28. h3 Rd8 29. Qg3 h5 30. hxg4 hxg4 31. Rd4 Kf7 32. Rf4+ Ke8 33. Rf8+ Kd7 34. Rxd8+ Kxd8 35. Qf4 Qd5 36. Qf6+ Kd7 37. Qe7+ Kc6 38. Qc7+ Kb5 39. c4+ Qxc4 40. Qxc4+ Kxc4 41. Kh2 Bc6 42. Kg3 Bd7 43. Kf4 a6 44. Bc7 Kb3 45. Bd6 Kc4 46. Ke3 Bc6 47. g3 Bf3 48. Kf4 Kb5 49. Ke5 Kc6 50. Bb4 Kb5 51. Bd2 Ka4 52. Bb4 a5 53. Bd6 Kb5 54. Kd4 a4 55. Kc3 1/2-1/2


[Site "https://www.chess.com"]

[Event "Titled Tuesday Blitz October 31 Late 2023"]
[White "Mazurkiewicz, Michal"]
[Black "Fiorito, Francisco"]
[WhiteFideId "1124943"]
[BlackFideId "180165"]
[WhiteElo "2480"]
[BlackElo "2614"]
[Result "1-0"]
[Round "11"]
[TimeControl "180+1"]
[Date "2023.10.31"]
[WhiteClock "0:00:08"]
[BlackClock "0:00:34"]
[Board "36"]

1. e4 e5 2. Nf3 Nf6 3. d3 Nc6 4. g3 d5 5. exd5 Nxd5 6. Bg2 Be7 7. O-O O-O 8. Re1 Bf6 9. Nbd2 Bg4 10. h3 Bh5 11. Nc4 Re8 12. c3 Qd7 13. Qb3 Nb6 14. g4 Nxc4 15. dxc4 Bg6 16. g5 Bd8 17. Qxb7 Rb8 18. Qa6 Rb6 19. Qa4 e4 20. Nd4 Ne5 21. Qxd7 Nxd7 22. Be3 Rxb2 23. Rab1 Rxa2 24. Nc6 Nb6 25. Red1 Bxg5 26. Bxg5 Nxc4 27. Rb8 Rxb8 28. Nxb8 h6 29. Bf4 Nb2 30. Rd8+ Kh7 31. Nc6 Nd3 32. Be3 a5 33. Ne7 a4 34. Nxg6 fxg6 35. Bxe4 Ra1+ 36. Kg2 Ne5 37. Bd4 Nf7 38. Rd7 Kg8 39. Bd5 a3 40. Rxf7 a2 41. Rxg7+ Kf8 42. Bxa2 Rxa2 43. Rxg6 h5 44. Rh6 Ra5 45. h4 c6 46. Rg6 Kf7 47. Rg5 Ra4 48. Rxh5 Kg6 49. Rc5 Kh6 50. Rxc6+ Kh5 51. Rc5+ Kxh4 52. f4 Kg4 53. f5 Ra2+ 54. Bf2 Ra6 55. Rd5 Rf6 56. c4 Rc6 57. c5 Kf4 58. Rd6 Rc8 59. f6 Ke5 60. Bg3+ Kf5 61. c6 Rf8 62. Kf3 Rf7 63. Kg2 Ke4 64. Rd7 Rxf6 65. c7 Rc6 66. Rd8 Rc2+ 67. Kh3 Ke3 68. c8=Q 1-0


[Site "https://www.chess.com"]

[Event "Titled Tuesday Blitz October 31 Late 2023"]
[White "Rustemov, Alexander"]
[Black "Hajiyev, Kanan"]
[WhiteFideId "4119002"]
[BlackFideId "13404148"]
[WhiteElo "2833"]
[BlackElo "2565"]
[Result "1-0"]
[Round "11"]
[TimeControl "180+1"]
[Date "2023.10.31"]
[WhiteClock "0:00:05"]
[BlackClock "0:00:00"]
[Board "37"]

1. d4 c6 2. Bf4 d5 3. e3 Nf6 4. Nf3 Bg4 5. c4 e6 6. Nc3 Bd6 7. Bxd6 Qxd6 8. Rc1 O-O 9. Be2 Nbd7 10. O-O Rfe8 11. Qb3 a5 12. Rfd1 Ne4 13. Qc2 Nxc3 14. Qxc3 Qb4 15. a3 Qxc3 16. Rxc3 a4 17. Kf1 Bxf3 18. Bxf3 Nb6 19. Be2 e5 20. dxe5 Rxe5 21. cxd5 Rxd5 22. Rxd5 Nxd5 23. Rc4 Ne7 24. Rd4 Kf8 25. Rd7 b5 26. Bf3 Rb8 27. Rc7 b4 28. Ra7 bxa3 29. bxa3 Rb1+ 30. Ke2 Rb2+ 31. Ke1 Rb1+ 32. Kd2 Rb2+ 33. Kc3 Rb3+ 34. Kc4 Nd5 35. e4 Nb6+ 36. Kc5 Ke8 37. Ra6 Nd7+ 38. Kd6 Rd3+ 39. Kc7 Rxa3 40. Ra7 Ne5 41. Kd6 f6 42. Be2 Ra2 43. Ba6 Kf8 44. f4 Nf7+ 45. Ke6 Nd8+ 46. Kd6 Rd2+ 47. Kc5 Ne6+ 48. Kxc6 Nxf4 49. Bc4 g5 50. g3 Ne2 51. Rf7+ Ke8 52. Rxf6 Nd4+ 53. Kc5 a3 54. Ra6 a2 55. Bxa2 Rxh2 56. Kxd4 Rg2 57. Ke5 Rxg3 58. Ke6 Kd8 59. Bd5 Kc7 60. e5 g4 61. Ra7+ Kb6 62. Rxh7 Rd3 63. Rg7 1-0


[Site "https://www.chess.com"]

[Event "Titled Tuesday Blitz October 31 Late 2023"]
[White "Mekhitarian, Krikor Sevag"]
[Black "Hoang, Thi Bao Tram"]
[WhiteFideId "2107660"]
[BlackFideId "12401102"]
[WhiteElo "2736"]
[BlackElo "2564"]
[Result "0-1"]
[Round "11"]
[TimeControl "180+1"]
[Date "2023.10.31"]
[WhiteClock "0:00:02"]
[BlackClock "0:00:11"]
[Board "38"]

1. Nf3 d5 2. c4 c6 3. d4 Nf6 4. Nc3 g6 5. Bf4 Bg7 6. e3 O-O 7. h3 b6 8. Bd3 Bb7 9. O-O Nbd7 10. b4 e6 11. a4 c5 12. Bd6 Re8 13. bxc5 bxc5 14. dxc5 Rc8 15. Rb1 Ba8 16. cxd5 exd5 17. Ba6 Nxc5 18. Bxc8 Qxd6 19. Nb5 Qe7 20. Bg4 h5 21. Bf5 gxf5 22. Nfd4 Nfe4 23. Nxf5 Qg5 24. Nxg7 Qxg7 25. Nc7 Rc8 26. Nxd5 Nc3 27. Qxh5 Bxd5 28. f3 Nxb1 29. Qxd5 Nc3 30. Qf5 Ne6 31. Kh2 Rc5 32. Qd3 Rd5 33. Qc4 Rd2 34. Rg1 Qe5+ 35. Kh1 Ne2 36. Rb1 Ng3+ 37. Kg1 Qxe3+ 38. Kh2 Nh5 39. Qg4+ Neg7 40. Rb8+ Kh7 41. Rb5 Qf4+ 42. Kg1 Qxg4 43. hxg4 Nf4 44. Rb7 Kg6 45. g3 Nh3+ 46. Kf1 Ng5 47. f4 Ne4 48. Rxa7 Nxg3+ 49. Ke1 Ra2 50. f5+ Kf6 51. g5+ Kxg5 52. Rxf7 N7xf5 53. Kd1 Kf4 54. Kc1 Ne4 55. Kb1 Rxa4 56. Rc7 Ke3 57. Kb2 Nd4 58. Rh7 Nd2 59. Rh3+ N2f3 60. Rh8 Kd3 61. Rb8 Nd2 62. Rh8 Nc4+ 63. Kb1 Ne2 64. Rd8+ Kc3 65. Rb8 Nd2# 0-1


[Site "https://www.chess.com"]

[Event "Titled Tuesday Blitz October 31 Late 2023"]
[White "Ardelean, George-Catalin"]
[Black "Bazilius, Augustinas"]
[WhiteFideId "1207091"]
[BlackFideId "12832251"]
[WhiteElo "2724"]
[BlackElo "2525"]
[Result "0-1"]
[Round "11"]
[TimeControl "180+1"]
[Date "2023.10.31"]
[WhiteClock "0:00:15"]
[BlackClock "0:00:19"]
[Board "39"]

1. d4 Nf6 2. Bf4 d6 3. Nc3 g6 4. e4 Bg7 5. Qd2 c6 6. f3 b5 7. g4 h5 8. g5 Nh7 9. h4 Nd7 10. Nh3 O-O 11. a4 b4 12. Nd1 a5 13. Be3 c5 14. c3 Ba6 15. Nf4 Bxf1 16. Kxf1 e5 17. Nd5 bxc3 18. bxc3 exd4 19. cxd4 Nb6 20. Nb2 Nxd5 21. exd5 Qd7 22. Kg2 Qb7 23. Rhd1 Qxd5 24. dxc5 Qe6 25. Rab1 dxc5 26. Bxc5 Rfb8 27. Nd3 Rxb1 28. Rxb1 Rd8 29. Qc2 Qf5 30. Rd1 Nf8 31. Bxf8 Bxf8 32. Qe2 Rd4 33. f4 Rxa4 34. Rf1 Ra3 35. Rf3 Qd5 36. Kh2 Ra2 37. Nb2 Rxb2 38. Qxb2 Qxf3 0-1


[Site "https://www.chess.com"]

[Event "Titled Tuesday Blitz October 31 Late 2023"]
[White "Estrada Nieto, Julian"]
[Black "BardArtem"]
[WhiteFideId "5101018"]
[WhiteElo "2503"]
[BlackElo "2701"]
[Result "1/2-1/2"]
[Round "11"]
[TimeControl "180+1"]
[Date "2023.10.31"]
[WhiteClock "0:00:03"]
[BlackClock "0:00:05"]
[Board "40"]

1. e4 e5 2. Nf3 Nc6 3. Bb5 Nge7 4. Nc3 Ng6 5. h4 Be7 6. h5 Nh4 7. Nxh4 Bxh4 8. Qg4 Bf6 9. Nd5 d6 10. Qg3 h6 11. d3 Bd7 12. c3 Ne7 13. Nxf6+ gxf6 14. Bc4 Rg8 15. Qh4 Nc6 16. Bxh6 f5 17. Qxd8+ Rxd8 18. g3 Be6 19. Bxe6 fxe6 20. Ke2 Rd7 21. Be3 Rh7 22. h6 Nd8 23. Rh5 fxe4 24. dxe4 Nf7 25. Rah1 Ke7 26. c4 c5 27. R1h4 Rg6 28. g4 a6 29. a4 Kd7 30. f3 Kc6 31. Rh1 Rg8 32. b3 Nh8 33. Rg5 Rxg5 34. Bxg5 Ng6 35. Be3 b5 36. axb5+ axb5 37. Ra1 bxc4 38. bxc4 Rb7 39. Ra6+ Kd7 40. Ra8 Ke7 41. Rg8 Rb2+ 42. Kd1 Nf8 43. Rg7+ Ke8 44. h7 Rh2 45. g5 Rxh7 46. Rxh7 Nxh7 47. g6 Nf6 48. Bg5 Ng8 49. Ke2 Ne7 50. g7 Ng8 51. f4 exf4 52. Bxf4 e5 53. Bg5 Kf7 54. Kf3 Kxg7 55. Kg4 Kg6 56. Bd8 Nh6+ 57. Kf3 Kf7 58. Bg5 Ng8 59. Bd8 Ke6 60. Bg5 Kd7 61. Ke3 Ne7 62. Kd3 Nc6 63. Be3 Ke6 64. Bg5 Nd4 65. Be3 Nf3 66. Bf2 Ng5 67. Bh4 Nf7 68. Bg3 Nh6 69. Bh4 Ng8 70. Bg5 Nf6 71. Ke3 Nd7 72. Kd3 Nb6 73. Be3 Kd7 74. Bg5 Kc6 75. Be7 Nc8 76. Bf6 Nb6 77. Be7 Nd7 78. Bg5 Nb8 79. Be3 Na6 80. Bg5 Nc7 81. Be3 Ne6 82. Bd2 Kb6 83. Be3 Ka5 84. Bd2+ Ka4 85. Kc3 Nf4 86. Be3 Ka3 87. Bf2 Ka2 88. Bh4 Ne2+ 89. Kd3 Nf4+ 90. Kc3 Ne2+ 91. Kd3 Nd4 92. Be7 Kb3 93. Bxd6 Nc6 94. Bxc5 Na5 95. Bd6 Nxc4 96. Bxe5 Nxe5+ 97. Kd4 Nd7 98. e5 Nxe5 1/2-1/2


[Site "https://www.chess.com"]

[Event "Titled Tuesday Blitz October 31 Late 2023"]
[White "Kubicka, Anna"]
[Black "Martinez Reyes, Pedro Ramon"]
[WhiteFideId "1152254"]
[BlackFideId "3901807"]
[WhiteElo "2486"]
[BlackElo "2622"]
[Result "0-1"]
[Round "11"]
[TimeControl "180+1"]
[Date "2023.10.31"]
[WhiteClock "0:00:17"]
[BlackClock "0:01:24"]
[Board "41"]

1. e4 b6 2. d4 Bb7 3. Bd3 e6 4. Nc3 Nf6 5. a3 d5 6. e5 Ne4 7. Nce2 f6 8. f3 Ng5 9. Bxg5 fxg5 10. Nh3 Be7 11. Nf2 O-O 12. c3 c5 13. Qc2 h6 14. O-O Ba6 15. Ng3 Bxd3 16. Qxd3 Nc6 17. Rad1 Qe8 18. Nh3 Rc8 19. Qe2 b5 20. f4 gxf4 21. Nxf4 Bg5 22. Qg4 Bxf4 23. Rxf4 Rxf4 24. Qxf4 cxd4 25. cxd4 Qf7 26. Qg4 Rf8 27. Rf1 Qe7 28. Rxf8+ Kxf8 29. Nh5 Qf7 30. Nf4 Nxd4 31. Ng6+ Kg8 32. h4 Nf5 33. h5 a5 34. Qe2 Qb7 35. Qc2 d4 36. Qc5 Qa8 37. Qe7 Nxe7 38. Nxe7+ Kf7 0-1


[Site "https://www.chess.com"]

[Event "Titled Tuesday Blitz October 31 Late 2023"]
[White "Musovic, Armin"]
[Black "Karamsetty, Jeevan"]
[WhiteFideId "939935"]
[BlackFideId "2025337"]
[WhiteElo "2480"]
[BlackElo "2613"]
[Result "1-0"]
[Round "11"]
[TimeControl "180+1"]
[Date "2023.10.31"]
[WhiteClock "0:01:23"]
[BlackClock "0:00:00"]
[Board "42"]

1. a3 e5 2. d4 exd4 3. Qxd4 Nf6 4. Nc3 Nc6 5. Qa4 d5 6. Bg5 Be7 7. O-O-O Be6 8. e4 d4 9. Nf3 O-O 10. Nxd4 Nxd4 11. Rxd4 Qc8 12. f3 c5 13. Rd1 a6 14. Bxf6 b5 15. Qa5 Bxf6 16. Nd5 Bxd5 17. Rxd5 c4 18. c3 Bd8 19. Qb4 a5 20. Qxb5 Rb8 21. Qxc4 Qb7 22. Rb5 Bg5+ 23. Kb1 Qd7 24. Qd5 Qxd5 25. Rxd5 Bf6 26. Bb5 Rb6 27. a4 g6 28. Rhd1 Kg7 29. g3 h5 30. f4 h4 31. Rd6 Rxd6 32. Rxd6 hxg3 33. hxg3 Rh8 34. Rd7 Rh1+ 35. Ka2 Rh8 36. e5 Bd8 37. e6 Rf8 38. e7 Bxe7 39. Rxe7 Kf6 40. Re8 1-0


[Site "https://www.chess.com"]

[Event "Titled Tuesday Blitz October 31 Late 2023"]
[White "NelsonLinda"]
[Black "D`Arruda, Ricardo D."]
[BlackFideId "100692"]
[WhiteElo "2592"]
[BlackElo "2518"]
[Result "0-1"]
[Round "11"]
[TimeControl "180+1"]
[Date "2023.10.31"]
[WhiteClock "0:02:10"]
[BlackClock "0:02:34"]
[Board "43"]

1. Nf3 d5 2. b3 Nf6 3. Bb2 c5 4. g3 Nc6 5. Bg2 g6 6. O-O Bg7 7. d3 O-O 8. Nbd2 b6 9. e4 dxe4 10. Nxe4 Nxe4 11. dxe4 Bxb2 12. Rb1 Qxd1 13. Rfxd1 Bg7 14. Ne1 Be6 15. e5 Rac8 16. f4 Nd4 17. c3 Ne2+ 0-1


[Site "https://www.chess.com"]

[Event "Titled Tuesday Blitz October 31 Late 2023"]
[White "Rakitic2010"]
[Black "Skatchkov, Valery"]
[BlackFideId "24195812"]
[WhiteElo "2473"]
[BlackElo "2589"]
[Result "0-1"]
[Round "11"]
[TimeControl "180+1"]
[Date "2023.10.31"]
[WhiteClock "0:00:00"]
[BlackClock "0:01:12"]
[Board "44"]

1. e4 e5 2. Nf3 d5 3. exd5 e4 4. Qe2 Nf6 5. d3 Qxd5 6. Nc3 Bb4 7. Bd2 Bxc3 8. Bxc3 O-O 9. dxe4 Nxe4 10. Rd1 Qe6 11. Nd4 Qg6 12. Rd3 Nxc3 13. Rxc3 Bd7 14. Rg3 Qf6 15. c3 Nc6 16. Nc2 Rad8 17. Re3 Bf5 18. g4 Bg6 19. Bg2 Qf4 20. O-O Bxc2 21. Qxc2 Qxg4 22. Rg3 Qf4 23. Re1 Rd2 24. Qe4 Qxf2+ 25. Kh1 Rxb2 26. Rf1 Qe2 27. Re3 Qh5 28. Rg3 g6 29. Rgf3 Qe5 30. Qg4 f5 31. Qc4+ Kg7 32. Rd3 Rf7 33. Rh3 Rd7 34. Qh4 h5 35. Qg5 Rdd2 36. Rxh5 Rxg2 37. Qh6+ Kf7 38. Qh7+ Qg7 39. Rfxf5+ gxf5 40. Qxf5+ Qf6 41. Rh7+ Rg7 42. Qd7+ Kg6 43. Qd3+ Kf7 44. Qd7+ Ne7 0-1


[Site "https://www.chess.com"]

[Event "Titled Tuesday Blitz October 31 Late 2023"]
[White "balachess2006"]
[Black "Abduzhaparov"]
[WhiteElo "2579"]
[BlackElo "2464"]
[Result "1-0"]
[Round "11"]
[TimeControl "180+1"]
[Date "2023.10.31"]
[WhiteClock "0:01:25"]
[BlackClock "0:00:00"]
[Board "45"]

1. Nf3 d6 2. d4 Nf6 3. c4 Nbd7 4. Nc3 e5 5. g3 Be7 6. Bg2 O-O 7. O-O Re8 8. Qc2 Bf8 9. e4 exd4 10. Nxd4 a5 11. h3 c6 12. Rd1 Nc5 13. Bf4 Qb6 14. Nb3 a4 15. Nxc5 Qxc5 16. Nxa4 Qh5 17. g4 Nxg4 18. hxg4 Bxg4 19. Re1 Bf3 20. Bg3 Bxg2 21. Kxg2 d5 22. cxd5 cxd5 23. Nc3 dxe4 24. Rxe4 Rec8 25. Rh1 Qg6 26. Qe2 b5 27. Nxb5 Rxa2 28. Nc3 Rxc3 29. Re8 Qc6+ 30. Kh2 Rc5 31. Re1 g6 32. Qe7 Rh5+ 33. Bh4 Rxh4+ 34. Qxh4 Ra5 35. Qe7 Rh5+ 36. Kg3 Rg5+ 37. Qxg5 Qd6+ 38. Qe5 1-0


[Site "https://www.chess.com"]

[Event "Titled Tuesday Blitz October 31 Late 2023"]
[White "Chan, Luis"]
[Black "Figorito, Nick"]
[WhiteFideId "3216357"]
[BlackFideId "30923689"]
[WhiteElo "2578"]
[BlackElo "2456"]
[Result "1-0"]
[Round "11"]
[TimeControl "180+1"]
[Date "2023.10.31"]
[WhiteClock "0:00:13"]
[BlackClock "0:00:06"]
[Board "46"]

1. b3 Nf6 2. Bb2 g6 3. Bxf6 exf6 4. c4 f5 5. Nc3 Bg7 6. g3 O-O 7. Bg2 d6 8. e3 Nc6 9. Nge2 Ne5 10. d4 Ng4 11. O-O Nf6 12. b4 c6 13. b5 Bd7 14. Rb1 Qc7 15. bxc6 bxc6 16. Qa4 Rab8 17. Nf4 Rxb1 18. Rxb1 Rb8 19. Rxb8+ Qxb8 20. Bxc6 Be6 21. Nxe6 fxe6 22. Nb5 Qb6 23. Nxd6 Qb1+ 24. Kg2 h5 25. Bf3 Qb6 26. c5 Qb8 27. Qb5 Qd8 28. Qb7 Qa5 29. Qf7+ Kh7 30. Qxe6 Ng4 31. h3 Nh6 32. c6 h4 33. gxh4 Qd8 34. Qd7 Qxh4 35. c7 f4 36. c8=Q fxe3 37. fxe3 Qg5+ 38. Kf2 Qh4+ 39. Ke2 Qf6 40. Qcc7 Nf5 41. Ne4 Nxd4+ 42. exd4 Qf8 43. Qxg7+ Qxg7 44. Qxg7+ Kxg7 45. d5 Kf8 46. Kd3 Ke7 47. Kd4 Kd7 48. Ke5 g5 49. Bg4+ Ke7 50. Nxg5 a5 51. d6+ Kd8 52. Nf7+ Ke8 53. Kf6 a4 54. d7+ Kf8 55. d8=Q# 1-0


[Site "https://www.chess.com"]

[Event "Titled Tuesday Blitz October 31 Late 2023"]
[White "Osmonbekov, Talaibek"]
[Black "Ordekalog"]
[WhiteFideId "2017253"]
[WhiteElo "2291"]
[BlackElo "2570"]
[Result "0-1"]
[Round "11"]
[TimeControl "180+1"]
[Date "2023.10.31"]
[WhiteClock "0:00:00"]
[BlackClock "0:00:38"]
[Board "47"]

1. d4 d5 2. Nc3 Nf6 3. Bf4 c6 4. e3 Bf5 5. f3 e6 6. g4 Bg6 7. h4 h5 8. g5 Ng8 9. Bd3 Bxd3 10. Qxd3 Ne7 11. Nge2 Ng6 12. Bg3 Bd6 13. O-O-O Na6 14. a3 Qc7 15. Bxd6 Qxd6 16. e4 Nc7 17. e5 Qd7 18. f4 Ne7 19. Ng3 g6 20. Na4 b6 21. Qb3 O-O 22. Rhg1 Nf5 23. Nxf5 exf5 24. Qb4 Ne6 25. Rgf1 Rfc8 26. Qb3 Rc7 27. Kb1 Rac8 28. c3 Rb7 29. Ka2 Qe7 30. Qc2 Rd8 31. b4 a5 32. bxa5 Ra8 33. axb6 Rxb6 34. Rb1 Rba6 35. Rb4 Qa7 36. Rfb1 Rxa4 37. Rxa4 Qxa4 38. Rb8+ Kg7 39. Qxa4 Rxa4 40. Rc8 Nxf4 41. Rxc6 Ne6 42. Kb3 Ra7 0-1


[Site "https://www.chess.com"]

[Event "Titled Tuesday Blitz October 31 Late 2023"]
[White "Shapiro, Viktor"]
[Black "UK_23"]
[WhiteFideId "4175700"]
[WhiteElo "2566"]
[BlackElo "2407"]
[Result "1-0"]
[Round "11"]
[TimeControl "180+1"]
[Date "2023.10.31"]
[WhiteClock "0:01:22"]
[BlackClock "0:01:50"]
[Board "48"]

1. c4 e6 2. Nc3 d5 3. d4 Nf6 4. Nf3 Be7 5. Bg5 O-O 6. e3 b6 7. Qc2 Bb7 8. Bxf6 Bxf6 9. cxd5 exd5 10. Be2 c5 11. Rd1 c4 12. b3 cxb3 13. Qxb3 g6 14. Ne5 Re8 15. O-O Bg7 16. Bf3 Bxe5 17. dxe5 Rxe5 18. Rd2 Nc6 19. Bxd5 Qe7 20. Rfd1 Na5 21. Qa4 Bxd5 22. Nxd5 Qe6 23. Nc7 Re4 24. Rd8+ Rxd8 25. Rxd8+ 1-0


[Site "https://www.chess.com"]

[Event "Titled Tuesday Blitz October 31 Late 2023"]
[White "Mmukka"]
[Black "Hambleton, Aman"]
[BlackFideId "2606577"]
[WhiteElo "2481"]
[BlackElo "2754"]
[Result "0-1"]
[Round "11"]
[TimeControl "180+1"]
[Date "2023.10.31"]
[WhiteClock "0:00:18"]
[BlackClock "0:00:04"]
[Board "49"]

1. e4 e5 2. Nf3 Nc6 3. Bb5 a6 4. Ba4 Nf6 5. d3 b5 6. Bb3 Bc5 7. c3 d6 8. Bg5 h6 9. Bh4 Bb6 10. Nbd2 g5 11. Bg3 Na5 12. Bc2 Nh5 13. Nf1 g4 14. Nh4 Qg5 15. b4 Nc6 16. a4 Rb8 17. axb5 axb5 18. Qd2 Ne7 19. Bb3 Nf4 20. Ne3 Be6 21. Bxe6 fxe6 22. d4 exd4 23. cxd4 O-O 24. O-O Neg6 25. Nxg6 Nxg6 26. Rad1 h5 27. f4 Nxf4 28. Nc2 e5 29. Kh1 h4 30. Bxf4 Rxf4 31. Rxf4 Qxf4 32. Qxf4 exf4 33. Rf1 Rf8 34. d5 g3 35. Ne1 Kg7 36. Nf3 Kf6 37. Nxh4 Rh8 38. hxg3 Ke5 39. Rxf4 Rh6 40. Rg4 Kd4 41. Kh2 Kc3 42. Kh3 Kxb4 43. Rg6 Rh8 44. Kg4 Kc4 45. Nf3 b4 46. e5 dxe5 47. Nxe5+ Kxd5 48. Nd3 Kc4 49. Ne5+ Kb5 50. Rg5 c5 51. Rg6 b3 52. Nd7 Ba5 53. Rg5 Bb4 54. Rg6 Ba5 55. Rg5 Rc8 56. Rf5 b2 57. Rf1 c4 58. Ne5 c3 59. Nd3 Kc4 60. Ne5+ Kb3 61. Nd3 c2 62. Rf3 Rc3 63. Nc5+ Ka2 64. Rxc3 Bxc3 65. Nd3 b1=Q 66. Kh5 Qd1+ 67. g4 Qxd3 68. g5 Qf5 69. g4 Qh7# 0-1


[Site "https://www.chess.com"]

[Event "Titled Tuesday Blitz October 31 Late 2023"]
[White "Gubajdullin, Alexei"]
[Black "Friedland, Moshe"]
[WhiteFideId "4141202"]
[BlackFideId "2812843"]
[WhiteElo "2679"]
[BlackElo "2468"]
[Result "1-0"]
[Round "11"]
[TimeControl "180+1"]
[Date "2023.10.31"]
[WhiteClock "0:01:04"]
[BlackClock "0:00:00"]
[Board "50"]

1. d4 Nf6 2. Nf3 d5 3. Bf4 c5 4. e3 cxd4 5. exd4 Nc6 6. Nbd2 Bg4 7. c3 e6 8. Qb3 Qc8 9. Ne5 Nxe5 10. dxe5 Nd7 11. c4 d4 12. Ne4 Nc5 13. Qb5+ Qc6 14. Qxc6+ bxc6 15. Nxc5 Bxc5 16. Bd3 Rb8 17. b3 Bb4+ 18. Bd2 Bxd2+ 19. Kxd2 c5 20. Rhb1 a5 21. a3 O-O 22. b4 axb4 23. axb4 cxb4 24. Ra4 b3 25. Ra3 b2 26. Ra2 f6 27. exf6 gxf6 28. f3 Bh5 29. Rbxb2 Bg6 30. c5 e5 31. c6 Rbc8 32. Rb6 f5 33. Bc4+ Kh8 34. Be6 Rc7 35. Bd7 Rd8 36. Rb7 1-0


[Site "https://www.chess.com"]

[Event "Titled Tuesday Blitz October 31 Late 2023"]
[White "victormago"]
[Black "Janaszak, Dawid"]
[BlackFideId "1119206"]
[WhiteElo "2451"]
[BlackElo "2654"]
[Result "1-0"]
[Round "11"]
[TimeControl "180+1"]
[Date "2023.10.31"]
[WhiteClock "0:00:43"]
[BlackClock "0:00:59"]
[Board "51"]

1. d4 b6 2. c4 Bb7 3. Nc3 f5 4. Nf3 Nf6 5. g3 e6 6. Bg2 Bb4 7. Bd2 O-O 8. O-O Bxc3 9. Bxc3 Ne4 10. Bb4 d6 11. Rc1 Nd7 12. Qc2 c5 13. dxc5 bxc5 14. Be1 Rb8 15. b3 Ndf6 16. e3 Qe8 17. Nd2 Nxd2 18. Bxd2 Bxg2 19. Kxg2 Ne4 20. f3 Ng5 21. e4 Qh5 22. Bxg5 Qxg5 23. f4 Qg6 24. exf5 Rxf5 25. Qd2 Rd8 26. Qa5 Rd7 27. Qb5 Rff7 28. Rce1 h5 29. Rf2 h4 30. Rfe2 hxg3 31. hxg3 Rde7 32. Qb8+ Kh7 33. Qxd6 Qg4 34. Qd3+ g6 35. Qf3 Qf5 36. Rh1+ Kg8 37. Qc3 Rf6 38. Re5 Qg4 39. Rh4 Qd1 40. Re1 Qd4 41. Qxd4 cxd4 42. Re5 Rd7 43. Rh1 Rf8 44. Rd1 Kf7 45. Rd3 Rfd8 46. Kf3 Kf6 47. Ke4 Rh8 48. Rxd4 Re7 49. Rd2 Rh3 50. Kf3 Rh1 51. Ree2 Rf1+ 52. Kg2 Ra1 53. Rc2 Rd7 54. c5 Rdd1 55. c6 Rg1+ 56. Kf3 Rgf1+ 57. Rf2 Rxf2+ 58. Kxf2 Rh1 59. Kf3 Rh8 60. c7 Rc8 61. Ke4 Ke7 62. Ke5 Kd7 63. Kf6 Rf8+ 64. Kxg6 Rg8+ 65. Kf7 Rc8 66. g4 e5 67. fxe5 1-0


[Site "https://www.chess.com"]

[Event "Titled Tuesday Blitz October 31 Late 2023"]
[White "Mindhunter08"]
[Black "Przybylski, Wojciech"]
[BlackFideId "1117599"]
[WhiteElo "2446"]
[BlackElo "2574"]
[Result "1-0"]
[Round "11"]
[TimeControl "180+1"]
[Date "2023.10.31"]
[WhiteClock "0:00:08"]
[BlackClock "0:00:00"]
[Board "52"]

1. e4 c6 2. Nf3 d5 3. Nc3 dxe4 4. Nxe4 Nf6 5. Qe2 Nxe4 6. Qxe4 e6 7. d4 Be7 8. c3 Qd5 9. Qg4 O-O 10. Qg3 Kh8 11. Bd3 Nd7 12. O-O h6 13. Re1 c5 14. Ne5 Nxe5 15. dxe5 Rd8 16. Be4 Qxe4 17. Bg5 Qxe1+ 18. Rxe1 Bxg5 19. h4 Be7 20. Qf3 Kg8 21. Re4 Bd7 22. Rg4 Bf8 23. Qf6 h5 24. Rg5 Be8 25. Qh6 Rd1+ 26. Kh2 Rad8 27. Rg3 R8d3 28. f3 Rb1 29. Qxh5 Rdd1 30. Rg4 Rh1+ 31. Kg3 Rxb2 32. Qg5 Rg1 33. Kh2 Rbb1 34. Qd8 Rh1+ 35. Kg3 Bc6 36. Rf4 Rbd1 37. Qg5 Rd7 38. h5 Kh7 39. Rg4 c4 40. Qf4 b5 41. Rg5 a6 42. Rg4 a5 43. a3 Bd5 44. Qd4 b4 45. axb4 a4 46. b5 a3 47. h6 a2 48. hxg7 Bxg7 49. Rh4+ Rxh4 50. Qxh4+ Bh6 51. Qh1 Kg7 52. Qa1 Rb7 53. b6 Rxb6 54. Qxa2 Rb7 55. Qa5 Rd7 56. Qc5 Kg8 57. Qc8+ Bf8 58. Qxd7 Kg7 59. f4 Bc5 60. Qd8 Be3 61. Qf6+ Kg8 62. f5 exf5 63. Qxf5 Be6 64. Qe4 Bh6 65. Qd4 Bg7 66. Kf3 Kh7 67. g4 Kg8 68. g5 Bf8 69. Kf4 Be7 70. Qe4 Kg7 71. Qh1 Bc5 72. Qh6+ Kg8 73. g6 Ba3 74. Qh7+ Kf8 75. g7+ Ke7 76. g8=Q Bc1+ 77. Ke4 Bd2 78. Qhh8 Kd7 79. Qc8+ 1-0


[Site "https://www.chess.com"]

[Event "Titled Tuesday Blitz October 31 Late 2023"]
[White "Blomqvist, Erik"]
[Black "Polaczek, Richard"]
[WhiteFideId "1709437"]
[BlackFideId "200026"]
[WhiteElo "2554"]
[BlackElo "2445"]
[Result "0-1"]
[Round "11"]
[TimeControl "180+1"]
[Date "2023.10.31"]
[WhiteClock "0:00:03"]
[BlackClock "0:00:14"]
[Board "53"]

1. e4 Nf6 2. e5 Nd5 3. d4 d6 4. c4 Nb6 5. f4 dxe5 6. fxe5 c5 7. d5 g6 8. Nf3 Bg7 9. h3 O-O 10. Nc3 e6 11. Be2 exd5 12. cxd5 N8d7 13. e6 fxe6 14. dxe6 Ne5 15. Qxd8 Rxd8 16. Bg5 Re8 17. Nb5 Nxf3+ 18. Bxf3 Bxe6 19. Nc7 h6 20. Bf4 g5 21. Bh2 Bf5+ 22. Nxe8 Rxe8+ 23. Kf2 Bd4+ 24. Kg3 Be5+ 25. Kf2 Bd4+ 26. Kg3 Bxb2 27. Rae1 Rd8 28. Re2 Bd4 29. Rhe1 Kf7 30. Re7+ Kf6 31. Bg4 Nd5 32. Bxf5 Nxe7 33. Be4 Be5+ 34. Kg4 Bxh2 35. Rf1+ Ke5 36. Bxb7 Rd4+ 37. Kh5 Rh4# 0-1


[Site "https://www.chess.com"]

[Event "Titled Tuesday Blitz October 31 Late 2023"]
[White "Deeper44"]
[Black "Ankerst, Mihael"]
[BlackFideId "14602369"]
[WhiteElo "2538"]
[BlackElo "2443"]
[Result "1-0"]
[Round "11"]
[TimeControl "180+1"]
[Date "2023.10.31"]
[WhiteClock "0:00:10"]
[BlackClock "0:00:36"]
[Board "54"]

1. d4 Nf6 2. c4 g6 3. g3 Bg7 4. Bg2 O-O 5. Nf3 d6 6. O-O Bf5 7. Nh4 Bc8 8. Nc3 Nc6 9. d5 Na5 10. Qa4 c5 11. Bd2 Bd7 12. Nb5 b6 13. Qc2 a6 14. Na3 b5 15. Rad1 Nxc4 16. Nxc4 bxc4 17. Bc3 Rb8 18. h3 Qc8 19. Kh2 Re8 20. e4 Qc7 21. f4 e6 22. dxe6 Bxe6 23. f5 gxf5 24. Nxf5 Bxf5 25. Rxf5 Nd7 26. Bxg7 Kxg7 27. Rg5+ Kh8 28. Qxc4 Ne5 29. Qc3 Rb4 30. Rf5 Kg8 31. Rf6 Re6 32. Rxe6 fxe6 33. Qd2 Kg7 34. Qg5+ Ng6 35. Rf1 Qe7 36. Qd2 Ne5 37. b3 a5 38. Qe2 a4 39. Qa6 axb3 40. axb3 Rxb3 41. Qa8 Rb2 42. Kh1 c4 43. Qc8 c3 44. Qxc3 Qb7 45. Kh2 Ra2 46. Qe3 Qe7 47. Qf4 Re2 48. h4 Nd3 49. Qg4+ Kh8 50. Qxe2 Ne5 51. Qf2 Kg7 52. Qf4 h6 53. Bh3 Kg8 54. Rf2 Kg7 55. h5 Qd8 56. Bxe6 Qe7 57. Bh3 Qd8 58. Qf5 Qe7 59. Kg2 Qd8 60. g4 Qe7 61. g5 hxg5 62. Qe6 Qd8 63. h6+ Kh7 64. Bf5+ Kh8 65. h7 Kg7 66. Qg8+ Qxg8 67. hxg8=Q+ Kxg8 68. Kg3 Kg7 69. Rd2 Nc4 70. Rd4 Ne5 71. Rxd6 Kf7 72. Ra6 Nc4 73. Be6+ Kf6 74. Bxc4+ Ke5 75. Re6+ Kd4 76. Bd5 Kc5 77. Kg4 Kd4 78. Kxg5 Kc5 79. Kf4 Kd4 80. Rc6 Kd3 81. Ke5 Ke3 82. Rc3+ Kd2 83. Kd4 Ke2 84. e5 Kf2 85. e6 Ke2 86. Rg3 Kf2 87. Rg2+ Ke1 88. Kd3 Kf1 89. Bc6 Ke1 90. Rg1+ Kf2 91. Rg2+ Kf1 92. Rh2 Ke1 93. Ke3 Kf1 94. Rh1# 1-0


[Site "https://www.chess.com"]